 Dungeon Crawl Stone Soup version 0.30.0-10-gfe55d96785 (webtiles) character file.

Game seed: 12750047485956018461

1904 voltaire321 the Stinger (level 8, -12/61 HPs)
             Began as a Demonspawn Venom Mage on May 14, 2023.
             Was a Follower of Wu Jian.
             Mangled by a white ugly thing (21 damage)
             ... on level 8 of the Dungeon.
             The game lasted 00:21:36 (7636 turns).

voltaire321 the Stinger (Demonspawn Venom Mage)     Turns: 7636, Time: 00:21:37

Health: -12/61     AC: 19    Str: 11      XL:     8   Next: 94%
Magic:  23/23      EV: 11    Int: 17      God:    Wu Jian [*.....]
Gold:   426        SH:  9    Dex: 12 (13) Spells: 11/16 levels left

rFire   . . .        a - +0 scimitar (venom)
rCold   . . .        n - +1 buckler
rNeg    . . .        o - +5 ring mail of the Arcane {Stlth+}
rPois   .            (helmet restricted)
rElec   .            (no cloak)
rCorr   .            (no gloves)
SInv    .            t - +2 pair of boots
Will    .....        (no amulet)
Stlth   ++           h - ring of magical power
HPRegen 0.30/turn    B - +4 ring of protection
MPRegen 0.18/turn

%: no passive effects
@: no status effects
A: antennae 2, powered by pain 1, sharp scales 1, condensation shield
a: Renounce Religion


You were on level 8 of the Dungeon.
You worshipped Wu Jian.
Wu Jian was aware of your devotion.
You visited 2 branches of the dungeon, and saw 9 of its levels.

You collected 452 gold pieces.
You spent 26 gold pieces at shops.

Inventory:

Hand Weapons
 a - a +0 scimitar of venom (weapon)
 q - a +1 vampiric spear
 x - a +0 whip of electrocution
 y - a +1 spear of venom
Armour
 n - a +1 buckler (worn)
 o - the +5 ring mail of the Arcane (worn) {Stlth+}
   (You found it on level 7 of the Dungeon)

   Stlth:     It makes you more stealthy.
 t - a +2 pair of boots (worn)
 A - a +3 leather armour
Jewellery
 h - a ring of magical power (left hand)
 B - a +4 ring of protection (right hand)
Wands
 j - a wand of paralysis (6)
 l - a wand of flame (14)
 p - a wand of roots (11)
Scrolls
 c - 9 scrolls of teleportation
 d - 3 scrolls of identify
 g - a scroll of magic mapping {unknown}
 m - a scroll of vulnerability {unknown}
Potions
 b - 2 potions of magic
 e - 2 potions of heal wounds
 f - 2 potions of mutation
 i - a potion of brilliance
 k - 4 potions of degeneration
 r - 3 potions of flight
 s - a potion of lignification
 v - 2 potions of haste
 w - a potion of resistance


   Skills:
 + Level 4.4 Fighting
 * Level 1.0 Long Blades
 + Level 4.2 Armour
 + Level 4.5 Dodging
 - Level 1.7 Stealth
 * Level 3.8 Shields
 + Level 4.6 Spellcasting
 - Level 1.0 Transmutations
 + Level 5.6 Poison Magic


You had 11 spell levels left.
You knew the following spells:

 Your Spells              Type           Power      Damage    Failure   Level
a - Sting                 Tmut/Pois      60%        1d6       12%         1
b - Olgreb's Toxic Radia  Pois           23%        N/A       43%         4

Your spell library contained the following spells:

 Spells                   Type           Power      Damage    Failure   Level
 Poisonous Vapours        Pois/Air       26%        N/A       22%         2
 Mephitic Cloud           Conj/Pois/Air  10%        N/A       54%         3
 Blink                    Tloc           6%         N/A       58%         2
 Lesser Beckoning         Tloc           6%         N/A       58%         2
 Momentum Strike          Conj/Tloc      6%         3d8       58%         2
 Vhi's Electric Charge    Tloc/Air       6%         N/A       82%         3
 Volatile Blastmotes      Fire/Tloc      6%         2d10      82%         3
 Fulminant Prism          Conj/Hex       1%         3d5       99%         4
 Iskenderun's Mystic Bla  Conj/Tloc      3%         2d3       99%         4
 Arcjolt                  Conj/Air       1%         1d11      100%        5
 Lee's Rapid Deconstruct  Erth           1%         3d4*      100%        5
 Maxwell's Capacitive Co  Air            1%         ∞         100%        8


Dungeon Overview and Level Annotations

Branches:
Dungeon (8/15)             Temple (1/1) D:5
   Lair: D:8-11

Altars:
Ashenzari
Cheibriados
Dithmenos
Fedhas
Gozag
Hepliaklqana
Kikubaaqudgha
Makhleb
Nemelex Xobeh
Okawaru
Qazlal
Ru
Trog
Uskayaw
Vehumet
Wu Jian
Xom
Yredelemnul

Shops:
D:5 [   D:6 ?   D:7 (

Annotations:
D:6 2 transporters, sirJeffrey23's ghost, amateur DsFi


Innate Abilities, Weirdness & Mutations

You have a pair of antennae on your head.
You sometimes gain a little power by taking damage.
You are partially covered in razor-sharp scales. (AC +1, Slay +1)
A meltable shield of frost defends you. (SH +4)


Message History

The white ugly thing pecks you but does no damage.
You barely miss the white ugly thing.
The white ugly thing is moderately wounded.
The white ugly thing closely misses you.
The white ugly thing barely misses you.
You hit the white ugly thing.
The white ugly thing is moderately wounded.
The white ugly thing pecks you but does no damage.
You closely miss the white ugly thing.
The white ugly thing is moderately wounded.
The white ugly thing closely misses you.
You hit the white ugly thing.
The white ugly thing looks as sick as possible!
The white ugly thing is moderately wounded.
The white ugly thing pecks you but does no damage.
The white ugly thing pecks you. The white ugly thing freezes you!!
Ouch! That really hurt!
You focus on the pain.
You feel your power returning.
You barely miss the white ugly thing.
The white ugly thing is moderately wounded.
The white ugly thing pecks you but does no damage.
You barely miss the white ugly thing.
The white ugly thing is heavily wounded.
The white ugly thing barely misses you.
You block the white ugly thing's attack.
You hit the white ugly thing but do no damage.
The white ugly thing looks as sick as possible!
The white ugly thing is heavily wounded.
You block the white ugly thing's attack.
You hit the white ugly thing.
The white ugly thing looks as sick as possible!
The white ugly thing is severely wounded.
The white ugly thing pecks you. The white ugly thing freezes you!
* * * LOW HITPOINT WARNING * * *
You closely miss the white ugly thing.
The white ugly thing is severely wounded.
The white ugly thing pecks you.
* * * LOW HITPOINT WARNING * * *
The white ugly thing freezes you!!
You die...

................
.................
#................
#................
#................
#................
#................
#.......u........
#.......@........
#................
#.............!.[
#................
#................
#................
#................
#................
................


You could see a white ugly thing (extremely poisoned).

Vanquished Creatures
  An orc warrior (D:7)
  3 ice beasts (D:5)
  3 black bears
  A centaur (D:5)
  An ogre (D:5)
  A phantom (D:5)
  A kobold brigand (D:7)
  A scorpion (D:6)
  A bullfrog (D:7)
  6 killer bees (D:6)
  A howler monkey (D:6)
  A jelly (D:4)
  3 hounds
  5 sleepcaps
  2 iguanas (D:6)
  An orc wizard (D:5)
  6 gnolls
  5 adders
  A white imp (D:7)
  An ufetubus (D:6)
  5 dart slugs
  10 orcs
  10 bats
  7 endoplasms
  2 giant cockroaches
  7 goblins
  5 hobgoblins
  4 jackals (D:5)
  2 quokkas
  7 ball pythons
  4 frilled lizards
  15 kobolds
  3 rats
126 creatures vanquished.

Notes
Turn   | Place    | Note
-------+----------+-------------------------------------------
     0 | D:1      | voltaire321 the Demonspawn Venom Mage began the quest for
                  | the Orb.
     0 | D:1      | Reached XP level 1. HP: 13/13 MP: 3/3
   152 | D:1      | Reached skill level 1 in Transmutations
   302 | D:1      | Gained mutation: A meltable shield of frost defends you.
                  | (SH +4) [demonic ancestry]
   302 | D:1      | Reached XP level 2. HP: 19/20 MP: 1/5
   858 | D:1      | Found a faded altar of an unknown god.
   903 | D:1      | Reached XP level 3. HP: 24/25 MP: 6/6
  1133 | D:2      | You fall into a shaft and drop 1 floor!
  1170 | D:2      | Reached skill level 1 in Fighting
  1170 | D:2      | Reached skill level 1 in Armour
  1924 | D:3      | Gained mutation: You have a pair of small antennae on your
                  | head. [demonic ancestry]
  1924 | D:3      | Reached XP level 4. HP: 16/32 MP: 3/7
  1963 | D:3      | Reached skill level 1 in Shields
  2105 | D:3      | Learned a level 4 spell: Olgreb's Toxic Radiance
  2334 | D:3      | Gained mutation: You have a pair of antennae on your head.
                  | [demonic ancestry]
  2334 | D:3      | Reached XP level 5. HP: 30/37 MP: 3/8
  2807 | D:3      | Found a sparkling altar of Nemelex Xobeh.
  3879 | D:4      | Reached XP level 6. HP: 44/44 MP: 10/10
  4041 | D:4      | Reached skill level 4 in Poison Magic
  4236 | D:5      | Entered Level 5 of the Dungeon
  4251 | D:5      | Noticed an ice beast
  4272 | D:5      | Killed an ice beast
  4412 | D:5      | Noticed a +0 dagger
  4413 | D:5      | Noticed a +0 dagger
  4415 | D:5      | Found a hide-covered altar of Uskayaw.
  4439 | D:5      | Noticed an ice beast
  4453 | D:5      | Killed an ice beast
  4554 | D:5      | Gained mutation: You are partially covered in razor-sharp
                  | scales. (AC +1, Slay +1) [demonic ancestry]
  4554 | D:5      | Reached XP level 7. HP: 42/51 MP: 11/11
  4805 | D:5      | Found Bukethes's Armour Emporium.
  4967 | D:5      | Gained mutation: You sometimes gain a little power by
                  | taking damage. [demonic ancestry]
  4967 | D:5      | Reached XP level 8. HP: 44/58 MP: 13/13
  5190 | D:5      | Found a bloodstained altar of Trog.
  5234 | D:5      | Found a sacrificial altar of Ru.
  5302 | D:5      | Found a staircase to the Ecumenical Temple.
  5309 | Temple   | Entered the Ecumenical Temple
  5414 | Temple   | Became a worshipper of the Wu Jian Council
  5752 | D:5      | Reached skill level 5 in Poison Magic
  6034 | D:6      | Found Weyh's Magic Scroll Shop.
  6169 | D:6      | Bought a scroll of identify for 26 gold pieces
  6220 | D:6      | Found a transporter.
  6223 | D:6      | Noticed sirJeffrey23's ghost (amateur DsFi)
  6375 | D:6      | Found a transporter.
  6407 | D:6      | Found a snail-covered altar of Cheibriados.
  6416 | D:6      | Found a stormy altar of Qazlal.
  6755 | D:7      | Found Humnalirph's Firing Range.
  7286 | D:7      | Identified the +5 ring mail of the Arcane {Stlth+}
  7481 | D:7      | Reached * piety under Wu Jian
  7552 | D:7      | Reached skill level 1 in Long Blades
  7617 | D:8      | Noticed a white ugly thing
  7636 | D:8      | Mangled by a white ugly thing

Illustrated notes

Levels and vault maps discovered:
D:1:      tarquinn_simple_flora_water_c, layout_rooms,
          hellmonk_ecumenical_altar_inner_sanctum
D:2:      layout_loops_cross
D:3:      wander_river, layout_basic, elyvilon_altar_3, marbit_many_paths,
          chequers_decorated_corner, item_on_display_a
D:4:      layout_loops_corners, kennysheep_generic_room_16
D:5:      minmay_chambers_of_threes, layout_rooms, lemuel_doored_altar,
          bloody_trog, dancing_weapons_uskayaw, minmay_temple_entry_nine_rooms,
          serial_shops, nicolae_shop_hallway_plus
D:6:      layout_basic, mainiacjoe_overflow_swirl, serial_shops, shop,
          gammafunk_ghost_stat_death, item_on_display_a
D:7:      layout_basic, minmay_misc_feat_roman, nicolae_shop_firing_range
D:8:      layout_basic, uniq_maggie
Temple:   nicolae_temple_great_sept

Skill      XL: |  1  2  3  4  5  6  7  8 |
---------------+-------------------------+-----
Transmutations | 1 |  1.0
Dodging        | 2 3 4 |  4.5
Fighting       | 1 2 3 4 |  4.4
Armour         | 1 2 3 4 |  4.2
Shields        | 1 2 3 |  3.8
Poison Magic   | 4 5 |  5.6
Spellcasting   | 3 4 |  4.6
Long Blades    | 1 |  1.0
Stealth        | |  1.7

Action                     |  1- 3 |  4- 6 |  7- 9 || total
---------------------------+-------+-------+-------++-------
  Melee: Unarmed           |     9 |       |       ||     9
         Spear             |    67 |    82 |   160 ||   309
         Scimitar          |       |       |    45 ||    45
   Cast: Sting             |    54 |    68 |    33 ||   155
         Olgreb's Toxic Ra |       |       |     3 ||     3
Ability: Lunge             |       |       |     4 ||     4
    Use: Potion            |       |       |     4 ||     4
         Scroll            |       |       |    16 ||    16
   Stab: Sleeping          |     1 |     2 |     1 ||     4
 Armour: Robe              |    18 |    22 |    55 ||    95
         Ring mail         |       |       |    12 ||    12
         Leather armour    |       |       |     8 ||     8
  Dodge: Dodged            |    63 |    44 |   125 ||   232
  Block: Other             |    18 |       |       ||    18
         Buckler           |    12 |    26 |   115 ||   153
